 Dungeon Sprint DCSS version 0.30-a0-862-g1aabd4f9c5 (webtiles) character file.

Game seed: 12319051314223938112

0 rocky1 the Firebug (level 2, -2/19 HPs)
             Began as a Demonspawn Fire Elementalist on Mar 8, 2023.
             Was an Initiate of Gozag.
             Shot with an arrow by a centaur (13 damage)
             ... in the Dungeon (Sprint VI: "Thunderdome").
             The game lasted 00:01:46 (113 turns).

rocky1 the Firebug (Demonspawn Fire Elementalist)    Turns: 113, Time: 00:01:47

Health: -2/19      AC:  2    Str:  8    XL:     2   Next: 24%
Magic:  5/5        EV: 12    Int: 16    God:    Gozag
Gold:   110        SH:  0    Dex: 13    Spells: 5/6 levels left

rFire   . . .      SeeInvis .    (no weapon)
rCold   . . .      Faith    .    (no shield)
rNeg    . . .      Spirit   .    a - +0 robe
rPois   +          Reflect  .    (no helmet)
rElec   .          Rampage  .    (no cloak)
rCorr   .          NoTele   +    (no gloves)
Will    .....      Harm     + .  (no boots)
Stlth   ++                       n - amulet of Ozxar {RegenMP Harm rPois Slay+2}
HPRegen 0.23/turn                (no ring)
MPRegen 0.49/turn                (no ring)

@: no status effects
A: spiny 1
a: Renounce Religion, Potion Petition, Call Merchant, Bribe Branch


You were in the Dungeon.
You worshipped Gozag.
Gozag was aware of your devotion.
You visited 1 branch You collected 290 gold pieces.
You spent 180 gold pieces at shops.

Inventory:

Armour
 a - a +0 robe (worn)
Jewellery
 l - the amulet of the Morning {Reflect Rampage SH+5}
   (You bought it in a shop in the Dungeon)

   [amulet of reflection]

   It reflects blocked missile attacks.
   SH:        It affects your SH (+5).
   Rampage:   It bestows one free step when moving towards enemies.
 m - the amulet "Xiyfeep" {Acrobat Harm Will+ Slay+2}
   (You bought it in a shop in the Dungeon)

   [amulet of the acrobat]

   It increases your evasion while moving and waiting.
   Slay:      It affects your accuracy & damage with ranged weapons and melee
   (+2).
   Harm:      It increases damage dealt and taken.
   Will:      It increases your willpower.
 n - the amulet of Ozxar (around neck) {RegenMP Harm rPois Slay+2}
   (You bought it in a shop in the Dungeon)

   [amulet of magic regeneration]

   It increases your rate of magic regeneration.
   Slay:      It affects your accuracy & damage with ranged weapons and melee
   (+2).
   rPois:     It protects you from poison.
   Harm:      It increases damage dealt and taken.
 o - the amulet "Batoarr" {Spirit Regen+}
   (You bought it in a shop in the Dungeon)

   [amulet of guardian spirit]

   It causes incoming damage to be divided between your reserves of health and
   magic.
   Regen:     It increases your rate of health regeneration.
Wands
 i - a wand of light (5)
 j - a wand of roots (4)
Scrolls
 g - 4 scrolls of blinking
 k - 3 scrolls of fog
Potions
 b - 3 potions of magic
 c - a potion of curing
 d - 4 potions of heal wounds
 e - 4 potions of haste
 f - a potion of berserk rage
 h - a potion of resistance


   Skills:
 + Level 2.2 Dodging
 + Level 2.1 Stealth
 + Level 2.6 Spellcasting
 + Level 1.2 Conjurations
 + Level 4.2 Fire Magic


You had 5 spell levels left.
You knew the following spells:

 Your Spells              Type           Power      Damage    Failure   Level
a - Foxfire               Conj/Fire      40%        2x1d6     6%          1

Your spell library contained the following spells:

 Spells                   Type           Power      Damage    Failure   Level
 Scorch                   Fire           30%        2d7       5%          2
 Inner Flame              Hex/Fire       8%         N/A       24%         3
 Kindle Blastsparks       Fire/Tloc/Air  12%        2d11      32%         3
 Flame Wave               Conj/Fire      10%        2d6       54%         4


Dungeon Overview and Level Annotations

Branches:
Dungeon (1/1)

Altars:
Cheibriados
Dithmenos
Fedhas
Gozag
Kikubaaqudgha
Makhleb
Okawaru
Qazlal
Ru
Sif Muna
Uskayaw
Vehumet
Wu Jian
Yredelemnul
Lugonu

Shops:
D *[?**[(!!!!

Annotations:
D Sigmund


Innate Abilities, Weirdness & Mutations

You are partially covered in sharp spines.


Message History

Confirm with . or Enter, or press ? or * to list all spells.
You conjure some foxfire!
The adder misses you. The adder bites you but does no damage.
The foxfire hits the adder.
The adder is almost dead.
The foxfire hits the adder.
You kill the adder!
Your Stealth skill increases to level 2!
Your Fire Magic skill increases to level 4!
You have reached level 2!
Your demonic ancestry asserts itself...
Sharp spines emerge from parts of your body.
Unknown command.
You now have 110 gold pieces (gained 36).
Found a radiant altar of Vehumet.
Found a hide-covered altar of Uskayaw.
Found a corrupted altar of Lugonu.
Found Ungei's Do-It-Yourself Clinic.
Found Xitofi's Distillery.
Found three altars.
Found Vithrihih's Bottled Wisdom and Peotag's Distillery.
Sigmund and a centaur come into view.
The centaur shouts!
The centaur wields a +0 shortbow.
The centaur shoots an arrow.
The arrow hits you!
The centaur shoots an arrow.
The arrow closely misses you.
Sigmund shouts!
Casting: Foxfire (safe; 6% risk of failure)
Confirm with . or Enter, or press ? or * to list all spells.
Okay, then.
Aiming: Fastroot
Press: ? - help, Shift-Dir - straight line, f - centaur
Aim: a centaur, wielding a +0 shortbow The roots erupt in riotous growth!
Roots grab the centaur.
Roots grab Sigmund.
The grasping roots constrict Sigmund.
The grasping roots constrict the centaur.
The centaur shoots an arrow.
The arrow hits you!
Ouch! That really hurt!
You die...
Your body crumbles into a pile of gold.

#_.......
###.........###
#⌠..........@§#
####.8.........8c######
.__......# #......___∩##
.......8.# #.8........∩#
.........###............
......###...# #.........
......# #.<.# #.@.......
......###...###.........
.........###............
.......8.# #.8........∩#
___......###......___∩##
####.8.........8.######
#⌠...........⌠#
###.........###
#_.....$._#


You could see Sigmund (rooted) and a centaur (rooted).

Vanquished Creatures
  An adder (D)
  An orc (D)
  A hobgoblin (D)
3 creatures vanquished.

Vanquished Creatures (others)
  13 foxfires (D)
13 creatures vanquished.

Grand Total: 16 creatures vanquished

Notes
Turn   | Place    | Note
-------+----------+-------------------------------------------
     0 | D        | rocky1 the Demonspawn Fire Elementalist began the quest for
                  | the Orb.
     0 | D        | Reached XP level 1. HP: 13/13 MP: 3/3
     3 | D        | Found a sacrificial altar of Ru.
     3 | D        | Found a basalt altar of Yredelemnul.
     4 | D        | Found a shadowy altar of Dithmenos.
     4 | D        | Found a stormy altar of Qazlal.
     5 | D        | Found an ornate altar of the Wu Jian Council.
     5 | D        | Round 1.
     6 | D        | Found a blossoming altar of Fedhas.
     6 | D        | Found an opulent altar of Gozag.
     6 | D        | Found Rothax's Identification Station.
     7 | D        | Found Cock's Jewellery.
     7 | D        | Found Fiyrizin's Advanced Armour.
     9 | D        | Found an iron altar of Okawaru.
    13 | D        | Became a worshipper of Gozag Ym Sagoz the Greedy
    28 | D        | Bought a clouded emerald amulet for 45 gold pieces
    28 | D        | Identified the amulet of the Morning {Reflect Rampage SH+5}
                  | (You bought it in a shop in the Dungeon)
    28 | D        | Bought a transparent bone amulet for 45 gold pieces
    28 | D        | Identified the amulet "Xiyfeep" {Acrobat Harm Will+ Slay+2}
                  | (You bought it in a shop in the Dungeon)
    28 | D        | Bought a clouded zirconium amulet for 45 gold pieces
    28 | D        | Identified the amulet of Ozxar {RegenMP Harm rPois Slay+2}
                  | (You bought it in a shop in the Dungeon)
    28 | D        | Bought a warped jade amulet for 45 gold pieces
    28 | D        | Identified the amulet "Batoarr" {Spirit Regen+} (You bought
                  | it in a shop in the Dungeon)
    51 | D        | Found a snail-covered altar of Cheibriados.
    52 | D        | Found an ancient bone altar of Kikubaaqudgha.
    52 | D        | Found Gaeh's Premium Goods.
    52 | D        | Found Dakhlu's Weapon Rack.
    53 | D        | Found Niaxke Vuept's Miscellaneous Merchandise.
    53 | D        | Found Iryliuss's Basic Armour.
    58 | D        | Reached skill level 3 in Fire Magic
    87 | D        | Noticed a hound
    97 | D        | Reached skill level 4 in Fire Magic
    97 | D        | Gained mutation: You are partially covered in sharp spines.
                  | [demonic ancestry]
    97 | D        | Reached XP level 2. HP: 19/19 MP: 3/5
   100 | D        | Found a radiant altar of Vehumet.
   101 | D        | Found a hide-covered altar of Uskayaw.
   104 | D        | Found a corrupted altar of Lugonu.
   105 | D        | Found Ungei's Do-It-Yourself Clinic.
   107 | D        | Found a burning altar of Makhleb.
   107 | D        | Found a shimmering blue altar of Sif Muna.
   107 | D        | Found Xitofi's Distillery.
   108 | D        | Found Vithrihih's Bottled Wisdom.
   108 | D        | Found Peotag's Distillery.
   111 | D        | Noticed Sigmund
   111 | D        | Noticed a centaur
   113 | D        | Shot with an arrow by a centaur

Illustrated notes

Levels and vault maps discovered:
D:        arena_sprint

Skill      XL: |  1 |
---------------+----+-----
Fire Magic     | 4 |  4.2
Dodging        | 2 |  2.2
Stealth        | 2 |  2.1
Spellcasting   | |  2.6
Conjurations   | |  1.2

Action                     || total
---------------------------++-------
   Cast: Foxfire           ||     7
  Evoke: Wand              ||     1
 Armour: Robe              ||     1
  Dodge: Dodged            ||     3

Table legend: (Time is in decaauts)
 A = Elapsed time spent in this place.
 B = Non-inter-level travel time spent in this place.
 C = Inter-level travel time spent in this place.
 D = Time resting spent in this place.
 E = Time spent auto-exploring this place.
 F = Levels seen in this place.
 G = Mean time per level.
                   A        B        C        D        E       F      G
               +--------+--------+--------+--------+--------+-----+--------+
         Total |    113 |    109 |      4 |     26 |      0 |   1 |  113.0 |
       Dungeon |    113 |    109 |      4 |     26 |      0 |   1 |  113.0 |
               +--------+--------+--------+--------+--------+-----+--------+

Top non-repeatable levels by time:
       D: 113 daAuts
